[Event "fics rated crazyhouse match"]
[Site "fics, Oklahoma City, OK USA"]
[Date "2000.11.11"]
[White "ronenl"]
[WhiteElo "2241"]
[Black "venomous"]
[BlackElo "2363"]
[TimeControl "180+0"]
[Result "0-1"]

1. e4 e6 2. Nc3 Nc6 3. d4 Nf6 4. e5 Nd5 5. Nf3 d6 6. Bd3 
dxe5 7. Nxe5 Nxd4 8. Bxh7 Rxh7 9. Qxd4 Rh4 10. Nxf7 Qe7 11. N@g6 Rxd4 
12. Nxe7 Bxe7 13. Ne5 B@h5 14. Q@h8+ Q@f8 15. Qxh5+ P@f7 16. B@b5+ P@c6 17. Nxc6 
bxc6 18. Bxc6+ N@d7 19. P@b7 Bxb7 20. Bxd7+ Kxd7 21. N@e5+ Kc8 22. P@d7+ Kb8 
23. Nxd5 Rxd5 24. N@c6+ Bxc6 25. Nxc6+ Kb7 26. Na5+ Rxa5 27. Qxa5 B@b4+ 28. B@d2 
Bxa5 29. Bxa5 Q@e5# 
{ronenl resigns} 0-1

[Event "fics rated crazyhouse match"]
[Site "fics, Oklahoma City, OK USA"]
[Date "2000.11.11"]
[White "venomous"]
[WhiteElo "2368"]
[Black "ronenl"]
[BlackElo "2236"]
[TimeControl "180+0"]
[Result "1-0"]

1. e4 e6 2. d4 d5 3. e5 c5 4. Nf3 Bd7 5. dxc5 Bxc5 6. P@d4 
Be7 7. Nc3 Nc6 8. Be2 P@e4 9. Ng1 Rc8 10. Nh3 Qb6 11. O-O Qxd4 
12. Qxd4 Nxd4 13. Be3 Nxe2+ 14. Nxe2 P@f3 15. N@f4 fxg2 16. Nxg2 B@f3 17. Nhf4 
Bxg2 18. Nxg2 P@f3 19. Q@g3 Q@g6 20. B@g4 fxe2 21. Nf4 exf1=Q+ 22. Rxf1 N@f3+ 
23. Kh1 Qh6 24. Nxd5 Qxh2+ 25. Qxh2 Nxh2 26. Kxh2 R@h4+ 27. P@h3 P@f3 28. N@c7+ 
Kf8 29. Q@g3 Q@g2+ 30. Qxg2 fxg2 31. Kxg2 exd5 32. f3 Bxg4 33. fxg4 B@f3+ 
34. Rxf3 exf3+ 35. Kxf3 Rxh3+ 36. B@g3 Q@e4+ 37. Ke2 R@g2+ 38. B@f2 N@d4+ 39. Ke1 
N@f3+ 40. Kf1 Rg1+ 41. Bxg1 P@e2+ 42. Kf2 Ng5 43. R@f4 Rxg3 44. Ne6+ Ke8 
45. Nxg7+ Kd7 46. Q@a4+ Kc7 47. Qa5+ Kb8 48. P@c7# 
{ronenl forfeits on time} 1-0

[Event "fics rated crazyhouse match"]
[Site "fics, Oklahoma City, OK USA"]
[Date "2000.11.11"]
[White "marcusm"]
[WhiteElo "2287"]
[Black "venomous"]
[BlackElo "2373"]
[TimeControl "180+0"]
[Result "1-0"]

1. e4 e6 2. d4 Nc6 3. Nf3 Nf6 4. e5 Nd5 5. Bd3 d6 6. Nc3 
dxe5 7. Nxe5 Nxd4 8. P@g6 hxg6 9. Bxg6 fxg6 10. P@f7+ Ke7 11. Nxg6+ Kd7 
12. Qxd4 c5 13. Qd1 P@d6 14. Nxh8 Nxc3 15. bxc3 B@c6 16. R@e8 Qh4 17. Rxf8 
P@g3 18. N@e5+ Kc7 19. B@d8+ Qxd8 20. Rxd8 gxf2+ 21. Kxf2 N@e4+ 22. Kf1 P@h3 
23. N@e8+ Kb6 24. Nc4+ Kb5 25. Nexd6# 
{venomous resigns} 1-0

[Event "fics rated crazyhouse match"]
[Site "fics, Oklahoma City, OK USA"]
[Date "2000.11.11"]
[White "ronenl"]
[WhiteElo "2231"]
[Black "marcusm"]
[BlackElo "2304"]
[TimeControl "180+0"]
[Result "1-0"]

1. e4 Nf6 2. Nc3 d5 3. exd5 Nxd5 4. Bc4 e6 5. Bxd5 exd5 6. Qe2+ 
P@e6 7. d4 Nc6 8. Be3 Bb4 9. P@h6 gxh6 10. Bxh6 Nxd4 11. Qd3 Nf5 
12. N@g7+ Nxg7 13. Bxg7 B@f6 14. Bxh8 Bxh8 15. R@g8+ Ke7 16. Rxd8 Kxd8 17. Ne2 
B@g6 18. Qb5 Bbxc3+ 19. Nxc3 Bxc3+ 20. bxc3 P@d2+ 21. Kxd2 N@e4+ 22. Ke2 Nxc3+ 
23. Ke1 P@d2+ 24. Kxd2 N@e4+ 25. Ke1 P@d2+ 26. Kf1 R@c1+ 27. B@d1 Nxb5 28. Q@f8+ 
Q@e8 29. B@e7+ Kd7 30. N@e5# 
{marcusm checkmated} 1-0

[Event "fics rated crazyhouse match"]
[Site "fics, Oklahoma City, OK USA"]
[Date "2000.11.11"]
[White "JiggaB"]
[WhiteElo "2197"]
[Black "RFrancisco"]
[BlackElo "2325"]
[TimeControl "60+0"]
[Result "1/2-1/2"]

1. e4 e6 2. Nc3 Nc6 3. Nf3 Bb4 4. Bb5 Bxc3 5. Bxc6 N@f4 6. Rg1 
dxc6 7. bxc3 B@e2 8. Qxe2 Nxe2 9. Kxe2 Nf6 10. e5 Nd5 11. B@d4 Nf4+ 
12. Ke3 Nd5+ 13. Ke2 Nf4+ 14. Ke3 Nd5+ 15. Ke2 Nf4# 
{Game drawn by repetition} 1/2-1/2

[Event "fics rated crazyhouse match"]
[Site "fics, Oklahoma City, OK USA"]
[Date "2000.11.11"]
[White "RFrancisco"]
[WhiteElo "2322"]
[Black "JiggaB"]
[BlackElo "2200"]
[TimeControl "60+0"]
[Result "0-1"]

1. e4 e6 2. d4 Nc6 3. Nc3 Nf6 4. Nge2 Bb4 5. a3 Ba5 6. e5 
Nd5 7. Bd2 Nxc3 8. Nxc3 Bxc3 9. bxc3 N@e4 10. Bd3 Nxf2 11. Kxf2 P@f5 
12. N@h5 Rg8 13. B@h6 Qh4+ 14. g3 N@g4+ 15. Kg2 Qxh5 16. Bxg7 Rxg7 17. Qxg4 
Qxg4 18. N@f6+ Kd8 19. Nxg4 B@f3+ 20. Kxf3 fxg4+ 21. Ke2 Q@f3# 
{RFrancisco resigns} 0-1

[Event "fics rated crazyhouse match"]
[Site "fics, Oklahoma City, OK USA"]
[Date "2000.11.12"]
[White "venomous"]
[WhiteElo "2410"]
[Black "nasnad"]
[BlackElo "2403"]
[TimeControl "60+0"]
[Result "0-1"]

1. e4 Nf6 2. Nc3 d5 3. exd5 Nxd5 4. Bc4 e6 5. Nh3 Nc6 6. O-O 
Be7 7. d4 Nxc3 8. bxc3 N@e4 9. Bd2 P@d5 10. Bb5 Nxd2 11. Qxd2 B@h6 
12. Qe2 Bd7 13. N@g4 Bhg5 14. P@f4 Bgf6 15. N@h5 Rg8 16. Bxc6 bxc6 17. N@e5 
B@g6 18. Nxd7 Qxd7 19. Nhxf6+ Bxf6 20. Nxf6+ gxf6 21. B@h6 Be4 22. B@g7 N@f5 
23. f3 Nxh6 24. Bxh6 Bf5 25. N@g7+ Kd8 26. Nxf5 exf5 27. B@g7 B@e7 28. Rae1 
N@e6 29. B@b7 Rb8 30. Rb1 Nxg7 31. Bxg7 Rxg7 32. N@h5 Rg8 33. Bxc6 Qxc6 
34. Rxb8+ B@c8 35. R@a8 B@b7 36. Rxa7 B@a6 37. P@d3 N@h4 38. P@g3 Nxg2 39. Qxg2 
P@g4 40. fxg4 fxg4 41. N@a5 N@f3+ 42. Rxf3 Qd6 43. Nxb7+ Bxb7 44. Raxb7 gxf3 
45. Rxc8+ Kxc8 46. Rb8+ Kxb8 47. Qxf3 R@d1+ 48. B@f1 R@g2+ 49. Qxg2 N@e2# 
{venomous forfeits on time} 0-1

[Event "fics rated crazyhouse match"]
[Site "fics, Oklahoma City, OK USA"]
[Date "2000.11.12"]
[White "nasnad"]
[WhiteElo "2411"]
[Black "venomous"]
[BlackElo "2402"]
[TimeControl "60+0"]
[Result "1-0"]

1. e4 e6 2. Nc3 Nc6 3. d4 Nf6 4. e5 Nd5 5. Nxd5 exd5 6. Nf3 
d6 7. Bb5 Bg4 8. h3 Bxf3 9. Qxf3 N@h4 10. Qxd5 dxe5 11. Bxc6+ bxc6 
12. Qxc6+ P@d7 13. Qe4 Bb4+ 14. P@c3 O-O 15. B@g5 B@e7 16. Bxh4 Bxh4 17. N@f5 
Bxf2+ 18. Kxf2 exd4 19. N@h5 Re8 20. N@h6+ gxh6 21. Nxh6+ Kf8 22. B@g7# 
{venomous checkmated} 1-0

[Event "fics rated crazyhouse match"]
[Site "fics, Oklahoma City, OK USA"]
[Date "2000.11.12"]
[White "venomous"]
[WhiteElo "2394"]
[Black "nasnad"]
[BlackElo "2419"]
[TimeControl "60+0"]
[Result "1-0"]

1. e4 Nf6 2. Nc3 d5 3. exd5 Nxd5 4. Bc4 e6 5. Nh3 Be7 6. O-O 
Nc6 7. d4 Nxc3 8. bxc3 N@e4 9. Bd2 P@d5 10. Bd3 Nxd2 11. Qxd2 B@e4 
12. Bxe4 dxe4 13. N@h5 Rg8 14. P@b5 B@g4 15. bxc6 bxc6 16. N3f4 Bxh5 17. Nxh5 
P@f3 18. B@h3 fxg2 19. Bxg2 N@f3+ 20. Bxf3 exf3 21. B@g4 B@g2 22. N@f4 Bg5 
23. N@e3 P@g6 24. Nexg2 fxg2 25. Nxg7+ Rxg7 26. B@f3 gxf1=Q+ 27. Rxf1 N@f6 28. P@h3 
Bxf4 29. Qxf4 N@d5 30. Qh6 R@g8 31. B@g2 N@f4 32. P@e5 Nxg4 33. Bxg4 B@g5 
34. N@f6+ Nxf6 35. Qxg5 N@e2+ 36. Kh1 Nxg4 37. Qxd8+ Kxd8 38. B@h4+ f6 39. hxg4 
g5 40. exf6 gxh4 41. fxg7 B@e7 42. R@h8 B@f7 43. Rxg8+ Bxg8 44. R@h8 R@e8 
45. P@f7 
{nasnad forfeits on time} 1-0

[Event "fics rated crazyhouse match"]
[Site "fics, Oklahoma City, OK USA"]
[Date "2000.11.12"]
[White "nasnad"]
[WhiteElo "2410"]
[Black "venomous"]
[BlackElo "2403"]
[TimeControl "60+0"]
[Result "1-0"]

1. e4 e6 2. Nc3 Nc6 3. d4 Nf6 4. e5 Nd5 5. Nxd5 exd5 6. Nf3 
d6 7. Bb5 Bg4 8. h3 Bxf3 9. Qxf3 dxe5 10. B@a4 e4 11. Bxc6+ bxc6 
12. Qxf7+ Kxf7 13. N@e5+ Ke6 14. N@f4+ Kd6 15. P@c5+ Ke7 16. Nxc6+ Kf6 17. P@e5+ 
Kf5 18. Nxd8 N@f3+ 19. gxf3 N@g2+ 20. Nxg2 Q@e2+ 21. Kxe2 exf3+ 22. Ke1 B@b4+ 
23. N@c3 Bxc3+ 24. bxc3 fxg2 25. Q@g4# 
{venomous checkmated} 1-0

[Event "fics rated crazyhouse match"]
[Site "fics, Oklahoma City, OK USA"]
[Date "2000.11.12"]
[White "venomous"]
[WhiteElo "2395"]
[Black "nasnad"]
[BlackElo "2418"]
[TimeControl "60+0"]
[Result "0-1"]

1. e4 Nf6 2. Nc3 d5 3. exd5 Nxd5 4. Bc4 e6 5. Nh3 Nc6 6. d4 
Bb4 7. Bxd5 e5 8. Bxc6+ bxc6 9. Ng5 exd4 10. N@h5 B@e5 11. N@f3 dxc3 
12. Qxd8+ Kxd8 13. Nxf7+ Ke7 14. O-O N@e2+ 15. Kh1 P@h3 16. Q@h4+ Bf6 17. Qe4+ 
P@e5 18. gxh3 Bxh3 19. P@g2 Bxg2+ 20. Kxg2 Kxf7 21. B@c4+ P@d5 22. Bxd5+ cxd5 
23. Qxd5+ B@e6 24. Qxe6+ Kxe6 25. B@h3+ Ke7 26. P@g3 P@e4 27. Ne1 N@f3 28. Nxf6 
Nxe1+ 29. Rxe1 Q@f3+ 30. Kf1 Q@g1# 
{venomous checkmated} 0-1

[Event "fics rated crazyhouse match"]
[Site "fics, Oklahoma City, OK USA"]
[Date "2000.11.12"]
[White "RFrancisco"]
[WhiteElo "2311"]
[Black "VABORIS"]
[BlackElo "2252"]
[TimeControl "60+0"]
[Result "1-0"]

1. e4 e6 2. d4 Nc6 3. Nc3 Nf6 4. a3 d5 5. e5 Ne4 6. Bd3 
Nxc3 7. bxc3 N@h4 8. Kf1 f6 9. Qh5+ Ng6 10. Bxg6+ hxg6 11. Qxh8 fxe5 
12. N@h7 B@a6+ 13. Ne2 Bxe2+ 14. Kxe2 Qe7 15. Nxf8 Qxf8 16. Qxf8+ Kxf8 17. N@h7+ 
Kg8 18. R@f8# 
{VABORIS resigns} 1-0

[Event "fics rated crazyhouse match"]
[Site "fics, Oklahoma City, OK USA"]
[Date "2000.11.12"]
[White "VABORIS"]
[WhiteElo "2245"]
[Black "RFrancisco"]
[BlackElo "2318"]
[TimeControl "60+0"]
[Result "1-0"]

1. e4 e6 2. d4 Nc6 3. Be3 Nf6 4. Bd3 d6 5. Nf3 Be7 6. Nc3 
e5 7. d5 Nb8 8. O-O Nbd7 9. Ng5 Nf8 10. Nxf7 Kxf7 11. P@e6+ Nxe6 
12. dxe6+ Bxe6 13. N@g5+ Kg8 14. Nxe6 Qd7 15. Ng5 P@f7 16. B@f5 P@e6 17. Bxe6 
fxe6 18. Bc4 B@f7 19. Bxe6 Bxe6 20. P@f5 Bc4 21. P@f7+ Bxf7 22. Nxf7 B@h5 
23. Qxh5 Nxh5 24. B@e6 Nf4 25. Nh6+ Kf8 26. Bxd7 gxh6 27. Bxf4 P@f7 28. Bxh6+ 
N@g7 29. Bxg7+ Kxg7 30. N@h5+ Kh6 31. Q@g7+ Kxh5 32. B@g4+ Kh4 33. P@g3# 
{RFrancisco checkmated} 1-0

[Event "fics rated crazyhouse match"]
[Site "fics, Oklahoma City, OK USA"]
[Date "2000.11.12"]
[White "RFrancisco"]
[WhiteElo "2308"]
[Black "VABORIS"]
[BlackElo "2255"]
[TimeControl "60+0"]
[Result "1-0"]

1. e4 e5 2. Nf3 Nc6 3. Bc4 Bc5 4. O-O Nf6 5. c3 Nxe4 6. d4 
exd4 7. cxd4 Be7 8. d5 O-O 9. dxc6 bxc6 10. P@h6 Bf6 11. hxg7 Bxg7 
12. N@f5 d5 13. Nxg7 Kxg7 14. Bd3 Bf5 15. Bxe4 Bxe4 16. B@h6+ Kg8 17. Bxf8 
Qxf8 18. P@f6 P@g7 19. N@e7+ Kh8 20. fxg7+ Qxg7 21. P@h6 N@h3+ 22. Kh1 Qxg2+ 
23. Kxg2 Bxf3+ 24. Qxf3 N@h4+ 25. Kxh3 B@e6+ 26. B@f5 Nxf5 27. Nxf5 Bxf5+ 28. Qxf5 
B@g2+ 29. Kxg2 P@h3+ 30. Kxh3 B@g4+ 31. Qxg4 
{VABORIS resigns} 1-0

[Event "fics rated crazyhouse match"]
[Site "fics, Oklahoma City, OK USA"]
[Date "2000.11.12"]
[White "VABORIS"]
[WhiteElo "2248"]
[Black "RFrancisco"]
[BlackElo "2315"]
[TimeControl "60+0"]
[Result "1-0"]

1. e4 e6 2. d4 b6 3. Be3 Bb7 4. Bd3 Nf6 5. Nd2 d6 6. Ngf3 
Nbd7 7. O-O Be7 8. c3 d5 9. e5 Ne4 10. Qc2 f5 11. exf6 Ndxf6 
12. P@f7+ Kxf7 13. Bxe4 dxe4 14. Ng5+ Kg8 15. Ndxe4 B@g6 16. Nxf6+ Bxf6 17. Qxg6 
hxg6 18. P@f7+ Kf8 19. Nxe6+ Kxf7 20. Nxd8+ Raxd8 21. N@g5+ Bxg5 22. N@e5+ Kg8 
23. Q@f7+ Kh7 24. Qxg6+ Kg8 25. Qf7+ Kh7 26. B@g6+ Kh6 27. Bxg5+ Kxg5 28. B@f4+ 
Kh4 29. P@g3# 
{RFrancisco checkmated} 1-0

[Event "fics rated crazyhouse match"]
[Site "fics, Oklahoma City, OK USA"]
[Date "2000.11.12"]
[White "RFrancisco"]
[WhiteElo "2305"]
[Black "VABORIS"]
[BlackElo "2258"]
[TimeControl "60+0"]
[Result "0-1"]

1. e4 e6 2. d4 Nc6 3. Nc3 Bb4 4. Ne2 d5 5. e5 Nge7 6. a3 
Bxc3+ 7. bxc3 Nf5 8. Ng3 Nxg3 9. hxg3 N@e4 10. Bd2 Nxf2 11. Kxf2 N@e4+ 
12. Ke1 P@f2+ 13. Ke2 Nxg3+ 14. Kxf2 Nxh1+ 15. Kg1 P@f2+ 16. Kxh1 R@g1+ 17. Kh2 
Qh4+ 18. B@h3 Nxe5 19. P@g3 Ng4+ 20. Qxg4 Qxg4 21. N@h1 Rxh1# 
{RFrancisco resigns} 0-1

[Event "fics rated crazyhouse match"]
[Site "fics, Oklahoma City, OK USA"]
[Date "2000.11.12"]
[White "VABORIS"]
[WhiteElo "2267"]
[Black "RFrancisco"]
[BlackElo "2296"]
[TimeControl "60+0"]
[Result "1-0"]

1. e4 e6 2. d4 Nc6 3. Be3 Nf6 4. Bd3 e5 5. d5 Nd4 6. Nf3 
Nxf3+ 7. Qxf3 d6 8. h3 Be7 9. N@f5 Bxf5 10. exf5 N@d4 11. Bxd4 exd4 
12. B@e6 fxe6 13. fxe6 N@f5 14. Bxf5 
{RFrancisco resigns} 1-0

[Event "fics rated crazyhouse match"]
[Site "fics, Oklahoma City, OK USA"]
[Date "2000.11.12"]
[White "LINDEGREN"]
[WhiteElo "2455"]
[Black "RFrancisco"]
[BlackElo "2287"]
[TimeControl "120+0"]
[Result "0-1"]

1. e4 e6 2. Nc3 Nc6 3. d4 Bb4 4. a3 Bxc3+ 5. bxc3 Nge7 6. Bd3 
d6 7. B@h4 N@g6 8. Bxe7 Qxe7 9. N@h5 Rg8 10. Nh3 e5 11. Ng5 B@g4 
12. Be2 Bxe2 13. Qxe2 B@g4 14. B@f3 Bxh5 15. Bxh5 N@f4 16. Bxf4 Nxf4 17. Bxf7+ 
Qxf7 18. Nxf7 Nxe2 19. Nxd6+ cxd6 20. P@f7+ Kd7 21. B@g4+ Ke7 22. fxg8=N+ Kf8 
23. R@d8+ B@e8 24. Bxe2 B@g5 25. P@e7+ Nxe7 26. Nxe7 P@d2+ 27. Kf1 Q@c1+ 28. Rxc1 
dxc1=Q+ 29. N@d1 N@d2+ 30. Kg1 Qxd1+ 31. N@f1 Qxf1+ 32. Bxf1 N@f3+ 33. gxf3 Nxf3+ 
34. Kg2 N@h4+ 35. Kg3 P@f4# 
{LINDEGREN checkmated} 0-1

[Event "fics rated crazyhouse match"]
[Site "fics, Oklahoma City, OK USA"]
[Date "2000.11.12"]
[White "RFrancisco"]
[WhiteElo "2299"]
[Black "LINDEGREN"]
[BlackElo "2443"]
[TimeControl "120+0"]
[Result "1-0"]

1. e4 Nf6 2. Nc3 Nc6 3. d4 d5 4. e5 Ne4 5. Nf3 e6 6. Bd3 
Bb4 7. Bd2 Bxc3 8. bxc3 Nxd2 9. Qxd2 N@e4 10. Bxe4 dxe4 11. N@h5 Rg8 
12. B@h4 B@e7 13. Bxe7 Qxe7 14. B@f6 gxf6 15. Nxf6+ Qxf6 16. exf6 exf3 17. N@g7+ 
Kd7 18. P@b5 B@d6 19. bxc6+ bxc6 20. N@e5# 
{LINDEGREN resigns} 1-0

[Event "fics rated crazyhouse match"]
[Site "fics, Oklahoma City, OK USA"]
[Date "2000.11.12"]
[White "LINDEGREN"]
[WhiteElo "2432"]
[Black "RFrancisco"]
[BlackElo "2310"]
[TimeControl "120+0"]
[Result "0-1"]

1. e4 e6 2. d4 Nc6 3. Be3 d5 4. e5 Nge7 5. Nh3 Nf5 6. Bd3 
Ncxd4 7. O-O P@e4 8. Bxd4 Nxd4 9. Be2 Nxe2+ 10. Qxe2 B@f5 11. N@f4 B@g4 
12. f3 exf3 13. Rxf3 Bxf3 14. gxf3 Bc5+ 15. B@f2 Bxf2+ 16. Nxf2 Qg5+ 17. P@g3 
B@b6 18. B@h4 Bxf2+ 19. Qxf2 R@d1+ 20. B@f1 Qxf4 21. N@e1 Qb4 22. Qe2 N@h3+ 
23. Kh1 N@f2+ 24. Kg2 P@e4 25. Qxd1 Bd7 26. Qe2 exf3+ 27. Nxf3 P@e4 28. P@e7 
exf3+ 29. Qxf3 N@e1# 
{LINDEGREN checkmated} 0-1

[Event "fics rated crazyhouse match"]
[Site "fics, Oklahoma City, OK USA"]
[Date "2000.11.12"]
[White "RFrancisco"]
[WhiteElo "2321"]
[Black "LINDEGREN"]
[BlackElo "2421"]
[TimeControl "120+0"]
[Result "1-0"]

1. e4 Nf6 2. Nc3 Nc6 3. d4 d5 4. e5 Ne4 5. Nf3 e6 6. Bd3 
Bb4 7. Bd2 Nxd2 8. Qxd2 B@g6 9. O-O Bxc3 10. bxc3 N@e4 11. Bxe4 dxe4 
12. B@h4 Qd5 13. Ng5 B@f3 14. N@e3 Qd8 15. Nxf3 exf3 16. Bxd8 fxg2 17. B@f3 
Nxd8 18. Nxg2 B@e4 19. P@f6 gxf6 20. exf6 N@d5 21. N@g7# 
{LINDEGREN resigns} 1-0

[Event "fics rated crazyhouse match"]
[Site "fics, Oklahoma City, OK USA"]
[Date "2000.11.12"]
[White "RFrancisco"]
[WhiteElo "2331"]
[Black "VABORIS"]
[BlackElo "2276"]
[TimeControl "60+0"]
[Result "1-0"]

1. e4 e6 2. d4 Nc6 3. Nc3 Bb4 4. Ne2 Nf6 5. a3 Bxc3+ 6. Nxc3 
d5 7. e5 Ne4 8. Bd3 N@h4 9. B@h3 Nxd4 10. Be3 Nxc3 11. bxc3 N@g3 
12. hxg3 P@e2 13. Bxe2 Nxe2 14. Qxe2 B@c4 15. P@d3 Nxg2+ 16. Bxg2 Bxd3 17. cxd3 
P@c4 18. N@h5 Rg8 19. B@h4 P@e7 20. dxc4 dxc4 21. N@e4 P@d3 22. Qd2 Qd5 
23. P@h6 Bd7 24. Nef6+ exf6 25. Bxd5 O-O-O 26. Q@a8# 
{VABORIS resigns} 1-0

[Event "fics rated crazyhouse match"]
[Site "fics, Oklahoma City, OK USA"]
[Date "2000.11.12"]
[White "VABORIS"]
[WhiteElo "2269"]
[Black "RFrancisco"]
[BlackElo "2338"]
[TimeControl "60+0"]
[Result "0-1"]

1. e4 e6 2. d4 Nc6 3. Be3 d6 4. Bd3 Bd7 5. Nd2 Nge7 6. Ngf3 
Ng6 7. O-O Be7 8. c3 a6 9. Qe2 b5 10. Rae1 Rb8 11. h3 Qc8 
12. Nh2 e5 13. d5 Nd8 14. f4 exf4 15. Bxf4 Nxf4 16. Rxf4 P@e5 17. Rxf7 
Nxf7 18. P@e6 B@a7+ 19. Kh1 Bxe6 20. dxe6 Qxe6 21. P@f5 Qh6 22. B@c6+ Kd8 
23. N@e6+ Kc8 24. Ndf3 P@d2 25. Rf1 P@g3 26. Ng4 Qxe6 27. fxe6 R@h2+ 28. Nfxh2 
gxh2 29. exf7 N@g3+ 30. Kxh2 Nxf1+ 31. Qxf1 Bh4 
{VABORIS forfeits on time} 0-1

[Event "fics rated crazyhouse match"]
[Site "fics, Oklahoma City, OK USA"]
[Date "2000.11.13"]
[White "ronenl"]
[WhiteElo "2197"]
[Black "PureBugger"]
[BlackElo "2436"]
[TimeControl "120+0"]
[Result "0-1"]

1. e4 Nc6 2. Nc3 e6 3. d4 Bb4 4. a3 Ba5 5. Nf3 Nf6 6. Bd3 
d5 7. Bg5 dxe4 8. Bxf6 Qxf6 9. Bxe4 P@g4 10. P@e5 Qf4 11. Nd2 Nxd4 
12. O-O Bxc3 13. N@h5 Qh6 14. Qxg4 B@g6 15. Bxg6 hxg6 16. bxc3 N@e2+ 17. Kh1 
Qxh5 18. Qxh5 Rxh5 19. B@g3 Nxg3+ 20. fxg3 Rxh2+ 21. Kg1 B@e3+ 22. Kxh2 N@g4+ 
23. Kh3 Q@h2+ 24. Kxg4 Qh5# 
{ronenl checkmated} 0-1

[Event "fics rated crazyhouse match"]
[Site "fics, Oklahoma City, OK USA"]
[Date "2000.11.13"]
[White "PureBugger"]
[WhiteElo "2442"]
[Black "ronenl"]
[BlackElo "2194"]
[TimeControl "120+0"]
[Result "0-1"]

1. e4 e6 2. d4 d5 3. exd5 exd5 4. Nc3 Bb4 5. Bb5+ Bd7 6. Qe2+ 
Qe7 7. Bxd7+ Nxd7 8. P@e5 Bxc3+ 9. bxc3 N@e4 10. B@a3 P@d2+ 11. Bxd2 Qxa3 
12. B@b4 Qb2 13. Rc1 B@e7 14. Bxe7 Nxe7 15. Nf3 B@a6 16. P@d3 Nxc3 17. Bxc3 
Qxc1+ 18. B@d1 P@e4 19. O-O exf3 20. Qxf3 B@g6 21. P@f6 Nf5 22. fxg7 Rg8 
23. N@f6+ Nxf6 24. exf6 Qg5 25. P@d7+ Kd8 26. N@h3 Qxf6 27. Qxd5 Qxg7 28. P@e5 
Bh5 29. Bxh5 N@f4 30. Nxf4 Qxg2+ 31. Nxg2 N@h3+ 32. Kh1 R@g1+ 33. Rxg1 Nxf2# 
{PureBugger checkmated} 0-1

[Event "fics rated crazyhouse match"]
[Site "fics, Oklahoma City, OK USA"]
[Date "2000.11.14"]
[White "Leech"]
[WhiteElo "2284"]
[Black "tantheman"]
[BlackElo "2228"]
[TimeControl "60+0"]
[Result "1-0"]

1. e4 e6 2. d4 b6 3. Nc3 Bb7 4. d5 exd5 5. exd5 Nf6 6. Bc4 
Bb4 7. Bg5 Qe7+ 8. P@e3 Bxc3+ 9. bxc3 N@e4 10. Bxf6 gxf6 11. B@d4 B@h6 
12. N@g3 Nxf2 13. Kxf2 P@f4 14. exf4 Bxf4 15. N@f5 P@e3+ 16. Ke2 Bxg3 17. Nxe7 
N@f4+ 18. Kxe3 Nxg2+ 19. Kf3 Kxe7 20. Kxg2 P@e6 21. Kxg3 N@f5+ 22. Kf2 exd5 
23. P@g4 Nxd4 24. Qxd4 B@c5 25. N@f5+ Kd8 26. Qxc5 bxc5 27. P@e7+ Kc8 28. Q@d8+ 
Rxd8 29. exd8=Q+ Kxd8 30. B@e7# 
{tantheman resigns} 1-0

[Event "fics rated crazyhouse match"]
[Site "fics, Oklahoma City, OK USA"]
[Date "2000.11.14"]
[White "tantheman"]
[WhiteElo "2221"]
[Black "Leech"]
[BlackElo "2291"]
[TimeControl "60+0"]
[Result "1-0"]

1. e4 e6 2. Nc3 Nf6 3. e5 Nd5 4. Nf3 Bb4 5. Be2 Nc6 6. O-O 
d6 7. exd6 cxd6 8. P@e4 Nf6 9. d3 Bd7 10. Bg5 P@e7 11. a3 Bxc3 
12. bxc3 h6 13. Bxf6 exf6 14. B@b4 Nxb4 15. axb4 N@f4 16. N@c4 Bc6 17. Ra5 
Nxg2 18. Kxg2 B@h5 19. h3 P@g4 20. hxg4 Bxg4 21. N@h2 B@h3+ 22. Kg1 P@g2 
23. Re1 Qxa5 24. Nxd6+ Ke7 25. N@g3 R@h1+ 26. Nxh1 gxh1=Q+ 27. Kxh1 Qh5 28. Nc4 
Bxe4 29. P@d6+ Ke8 30. R@e7+ Kf8 31. dxe4 P@g2+ 32. Kg1 Bxf3 33. Bxf3 
{Leech forfeits on time} 1-0

[Event "fics rated crazyhouse match"]
[Site "fics, Oklahoma City, OK USA"]
[Date "2000.11.14"]
[White "Leech"]
[WhiteElo "2281"]
[Black "tantheman"]
[BlackElo "2231"]
[TimeControl "120+0"]
[Result "0-1"]

1. e4 e6 2. d4 b6 3. Nc3 Bb7 4. Nf3 Nf6 5. Bg5 Be7 6. Bd3 
h6 7. Bxf6 Bxf6 8. O-O B@h5 9. d5 Bxc3 10. bxc3 O-O 11. dxe6 fxe6 
12. N@e5 d6 13. B@g4 Bxg4 14. Nxg4 B@h5 15. B@h3 P@f5 16. exf5 exf5 17. Nxh6+ 
gxh6 18. Bdxf5 Bbxf3 19. gxf3 N@f4 20. P@g2 P@e2 21. B@c4+ Kh8 22. Bxe2 N@g5 
23. Qd4+ Qf6 24. Qxf6+ Rxf6 25. Q@d8+ Q@f8 26. P@e7 Nxe2+ 27. Kh1 Qg8 28. P@h7 
Nxh7 29. Bxh7 Kxh7 30. Qxg8+ Kxg8 31. Be6+ Rxe6 32. Q@f8+ Kh7 33. P@g7 B@f7 
34. N@d8 P@h3 35. Qh8+ Kg6 36. g8=Q+ Bxg8 37. Qxg8+ B@g7 38. B@f7+ Kg5 39. Qxg7+ 
B@g6 40. P@h4+ Kxh4 41. B@g3+ Kg5 42. e8=Q hxg2+ 43. Kxg2 N@f4+ 44. Bxf4+ Nxf4+ 
45. Kg3 Q@g2# 
{Leech checkmated} 0-1

[Event "fics rated crazyhouse match"]
[Site "fics, Oklahoma City, OK USA"]
[Date "2000.11.14"]
[White "tantheman"]
[WhiteElo "2240"]
[Black "Leech"]
[BlackElo "2272"]
[TimeControl "120+0"]
[Result "1-0"]

1. e4 e6 2. Nc3 Nf6 3. Nf3 d5 4. exd5 Nxd5 5. Bb5+ Bd7 6. Bxd7+ 
Nxd7 7. O-O Bd6 8. P@g3 B@h5 9. d4 Nxc3 10. bxc3 P@e4 11. B@e2 exf3 
12. Bxf3 Bxf3 13. gxf3 Nf6 14. P@g2 B@c6 15. B@h4 N@f5 16. Bcg5 Nxh4 17. Bxh4 
N@f5 18. Bxf6 Qxf6 19. N@g4 Qe7 20. N@h5 Rg8 21. N@f6+ gxf6 22. Nhxf6+ Kf8 
23. Nxh7+ Ke8 24. Ngf6+ Kd8 25. Nxg8 Qe8 26. Ngf6 Qe7 27. P@d5 exd5 28. P@e5 
P@g7 29. exd6 cxd6 30. R@f8+ B@e8 31. Nxe8 Bxe8 32. Re1 P@e6 33. B@g5 f6 
34. Rxe8+ Kxe8 35. B@g6+ B@f7 36. Bxf5 fxg5 37. B@g6 B@d7 38. Bxf7+ Kxf7 39. B@g6+ 
Kg8 40. Nxg5 Qxg5 41. P@h7+ Kf8 42. h8=Q+ R@g8 43. N@h7+ Ke7 44. Nxg5 B@f7 
45. Bxe6 Bdxe6 46. Bxf7 B@e5 47. dxe5 Rxh8 48. exd6# 
{Leech forfeits on time} 1-0

[Event "fics rated crazyhouse match"]
[Site "fics, Oklahoma City, OK USA"]
[Date "2000.11.15"]
[White "venomous"]
[WhiteElo "2388"]
[Black "ronenl"]
[BlackElo "2205"]
[TimeControl "180+0"]
[Result "1-0"]

1. e4 e6 2. d4 d5 3. e5 c5 4. dxc5 Bxc5 5. P@d4 Be7 6. Nh3 
Bd7 7. Nc3 Nc6 8. Nf4 P@g6 9. Bb5 Rc8 10. Bxc6 Bxc6 11. N@d6+ Bxd6 
12. exd6 B@b4 13. B@c7 Qd7 14. O-O f6 15. Re1 N@f8 16. Qe2 Bxc3 17. bxc3 
N@e4 18. Bd2 Nh6 19. B@h3 Nf5 20. f3 Ng5 21. Bxf5 gxf5 22. N@b8 Qf7 
23. Nxc6 bxc6 24. Nxd5 B@b5 25. P@b7 Rd8 26. Bxd8 Bxe2 27. Rxe2 Nd7 28. Bxg5 
fxg5 29. N@c7+ Kf8 30. Be7+ Kg8 31. R@d8+ B@f8 32. Bxf8 cxd5 33. Rxd7 N@f4 
34. Rd2 N@e2+ 35. Kh1 Qh5 36. B@f7+ Qxf7 37. Rxf7 
{ronenl forfeits on time} 1-0

[Event "fics rated crazyhouse match"]
[Site "fics, Oklahoma City, OK USA"]
[Date "2000.11.15"]
[White "ronenl"]
[WhiteElo "2201"]
[Black "venomous"]
[BlackElo "2392"]
[TimeControl "180+0"]
[Result "0-1"]

1. e4 e6 2. Nc3 Nc6 3. d4 Nf6 4. e5 Nd5 5. Nxd5 exd5 6. Nf3 
d6 7. Bb5 Bg4 8. Qe2 dxe5 9. Qxe5+ Qe7 10. Bxc6+ bxc6 11. Qxe7+ Bxe7 
12. Q@b7 Q@b4+ 13. Qxb4 Bxb4+ 14. N@c3 Bxf3 15. P@d7+ Kf8 16. gxf3 N@g2+ 17. Kd1 
Q@e7 18. N@e5 Bxc3 19. bxc3 P@e2+ 20. Kxe2 N@f4+ 21. Bxf4 Nxf4+ 22. Kd1 B@e2+ 
23. Kc1 B@a3+ 24. P@b2 Bxb2+ 25. Kxb2 N@a4+ 26. Kb1 Rb8+ 27. B@b3 Nxc3+ 28. Kc1 
Ba6 29. Nxc6 Nce2+ 30. Kd2 P@c3+ 31. Kd1 Nxd4 32. Nxe7 P@e2+ 33. Kc1 P@d2+ 
34. Kb1 e1=Q+ 35. B@d1 Qxe7 36. Q@a4 N@a3+ 37. Qxa3 Qxa3 38. Q@e8+ Rxe8 39. dxe8=Q+ 
Kxe8 40. P@d7+ Ke7 41. N@c8+ Kxd7 42. N@e5+ Kxc8 43. R@a8+ N@b8 44. B@d7+ Kd8 
45. Rxb8+ Ke7 46. N@e6 
{ronenl resigns} 0-1